 Dungeon Crawl Stone Soup version 0.25.1-2-g60ff931df9 (webtiles) character file.

Game seed: 3752654490776045684

291 H0rd4k the Insei (level 6, -17/39 HPs)
             Began as an Octopode Transmuter on Aug 1, 2020.
             Demolished by an ogre
             ... wielding a +0 giant club
              (27 damage)
             ... on level 4 of the Dungeon.
             The game lasted 00:07:06 (4915 turns).

H0rd4k the Insei (Octopode Transmuter)              Turns: 4915, Time: 00:07:07

Health: -17/39     AC:  1    Str: 10    XL:     6   Next: 32%
Magic:  8/10       EV: 13    Int: 17    God:
Gold:   93         SH:  0    Dex: 12    Spells: 5/11 levels left

rFire    . . .     SeeInvis .     - Unarmed
rCold    . . .     Gourm    .   (no shield)
rNeg     . . .     Faith    .   (helmet restricted)
rPois    .         Spirit   .   g - amulet of the acrobat
rElec    .         Reflect  .   (no ring)
rCorr    .         Harm     .   (no ring)
MR       .....                  (no ring)
Stlth    ++++......             (no ring)
HPRegen  0.13/turn              (no ring)
MPRegen  0.12/turn              (no ring)
                                (no ring)
                                (no ring)

@: no status effects
A: almost no armour, stealthy swim, amphibious, 8 rings, constrict 8, tentacle
spike 1, camouflage 1, blink, gelatinous body 1
a: Blink


You were on level 4 of the Dungeon.
You were hungry.

You visited 1 branch of the dungeon, and saw 4 of its levels.

You collected 93 gold pieces.

Inventory:

Missiles
 a - 29 arrows
 b - 9 poisoned darts (quivered)
Jewellery
 g - an amulet of the acrobat (around mantle)
 l - an uncursed ring of see invisible {unknown}
Wands
 i - a wand of iceblast (5)
Scrolls
 e - a scroll of enchant armour {unknown}
 f - a scroll of teleportation
 j - 3 scrolls of identify
 k - 3 scrolls of noise
Potions
 d - 2 potions of mutation
 m - 2 potions of heal wounds
 o - a potion of invisibility
Comestibles
 c - 6 rations
 h - 7 chunks of flesh


   Skills:
 + Level 1.8 Fighting
 + Level 2.5 Dodging
 + Level 4.2 Stealth
 + Level 4.3 Unarmed Combat
 * Level 3.0 Spellcasting
 * Level 3.0 Transmutations


You had 5 spell levels left.
You knew the following spells:

 Your Spells              Type           Power        Failure   Level  Hunger
a - Beastly Appendage     Tmut           ##....       4%          1    None
b - Sticks to Snakes      Tmut           ##......     8%          2    ##.....
c - Spider Form           Tmut/Pois      #.........   28%         3    ###....

Your spell library contained the following spells:

 Spells                   Type           Power        Failure   Level  Hunger
 Ice Form                 Ice/Tmut       #.......     67%         4    ####...
 Blade Hands              Tmut           ##........   80%         5    ######.


Dungeon Overview and Level Annotations

Branches:
Dungeon (4/15)             Temple (0/1) D:4

Altars:
Elyvilon
Qazlal
Ru
Uskayaw
Wu Jian
The Shining One

Annotations:
D:2 exclusion: downstairs, Terence
D:3 2 runed translucent doors, exclusion: door, Crazy Yiuf


Innate Abilities, Weirdness & Mutations

You cannot wear most types of armour.
You are very stealthy in the water. (Stealth+)
You are amphibious.
You can wear up to eight rings at the same time.
You can use your tentacles to constrict eight enemies at once.
Your skin changes colour to match your surroundings (Stealth+).
Your rubbery body absorbs attacks. (AC +1, EV +1)
One of your tentacles bears a spike.
You can translocate small distances at will.


Message History

Your ball python bites the phantom but does no damage.
You swap places.
The phantom closely misses you.
You barely miss the phantom.
You pierce the phantom.
The phantom is lightly damaged.
The ogre hits your ball python with a +0 giant club!!
Your ball python dies!
The phantom misses you.
You barely miss the phantom.
The phantom is lightly damaged.
The phantom hits you!
You closely miss the phantom.
The phantom is lightly damaged.
The ogre barely misses you. The phantom hits you.
You closely miss the phantom. Your squeeze misses the phantom.
The phantom is lightly damaged.
The phantom hits you.
* * * LOW HITPOINT WARNING * * *
The ogre hits you with a +0 giant club!!
Ouch! That really hurt!
You die...

##..............#
...!............#
............#...#
......%....#...#
.#.........#..##
.#......##.#$..#
..............##
...............###########
##.#.....W.#...W@O.......#
#
##.......##.##########..#
###........#### .#
..#.........# #
†##†...#....#
.......#...## .........#.#
........#### ..........


You could see a phantom and an ogre.

Vanquished Creatures
  A hound (D:4)
  An orc priest (D:4)
  An orc wizard (D:2)
  A worker ant (D:4)
  6 adders
  2 worms
  2 dart slugs (D:1)
  4 leopard geckos
  7 orcs
  A ball python (D:2)
  8 bats
  3 giant cockroaches
  8 goblins
  5 hobgoblins
  5 jackals
  2 quokkas
  5 frilled lizards
  6 kobolds
  8 rats
  A fungus (D:3)
77 creatures vanquished.

Vanquished Creatures (collateral kills)
  A bullfrog (D:4)
  An adder (D:4)
  A ball python (D:4)
3 creatures vanquished.

Grand Total: 80 creatures vanquished

Notes
Turn   | Place    | Note
-------+----------+-------------------------------------------
     0 | D:1      | H0rd4k the Octopode Transmuter began the quest for the Orb.
     0 | D:1      | Reached XP level 1. HP: 13/13 MP: 3/3
   580 | D:1      | Reached XP level 2. HP: 15/18 MP: 5/5
  1080 | D:1      | Reached XP level 3. HP: 23/23 MP: 6/6
  1084 | D:1      | Learned a level 2 spell: Sticks to Snakes
  1088 | D:1      | Learned a level 3 spell: Spider Form
  1660 | D:2      | Found a faded altar of an unknown god.
  1888 | D:2      | Found an ornate altar of the Wu Jian Council.
  1892 | D:2      | Found a hide-covered altar of Uskayaw.
  1950 | D:2      | You fall into a shaft and drop 1 floor!
  1953 | D:3      | Reached skill level 1 in Stealth
  1956 | D:3      | Reached XP level 4. HP: 26/28 MP: 5/7
  2543 | D:2      | Noticed Terence
  3480 | D:3      | Reached XP level 5. HP: 34/34 MP: 8/8
  3494 | D:3      | Found a white marble altar of Elyvilon.
  3494 | D:3      | Found a runed translucent door.
  3494 | D:3      | Noticed an angel
  3528 | D:3      | Found a stormy altar of Qazlal.
  3672 | D:3      | Found a sacrificial altar of Ru.
  3756 | D:3      | Gained mutation: You can translocate small distances at
                  | will. [potion of mutation]
  3756 | D:3      | Gained mutation: One of your tentacles bears a spike.
                  | [potion of mutation]
  3843 | D:3      | Noticed an ogre
  4198 | D:3      | Found a runed translucent door.
  4199 | D:3      | Noticed Crazy Yiuf
  4570 | D:4      | Found a glowing golden altar of the Shining One.
  4669 | D:4      | Found a staircase to the Ecumenical Temple.
  4669 | D:4      | Noticed a phantom
  4797 | D:4      | Reached XP level 6. HP: 24/39 MP: 5/10
  4915 | D:4      | Demolished by an ogre

Illustrated notes

Levels and vault maps discovered:
D:1:      eino_arrival_cavern_b, layout_loops_ring
D:2:      layout_loops_ring, chequers_temple_overflow_statue_of_worship,
          first_ration, chequers_ecumenical_altar_simple, uniq_terence
D:3:      layout_loops_ring, lemuel_crystal_altar, lemuel_doored_altar,
          lemuel_angel_altar, uniq_crazy_yiuf_cottage
D:4:      layout_cave_pools, nicolae_tso_swordbearing_angel, elyvilon_altar_4,
          minmay_temple_entry_proselytizer, cheibrodos_sewer_entry_bend

Skill      XL: |  1  2  3  4  5  6 |
---------------+-------------------+-----
Stealth        | 1 2 3 4 |  4.2
Unarmed Combat | 4 |  4.3
Transmutations | 3 |  3.0
Spellcasting   | 3 |  3.0
Fighting       | |  1.8
Dodging        | |  2.5

Action                   |  1- 3 |  4- 6 || total
-------------------------+-------+-------++-------
Melee: Unarmed           |    87 |   139 ||   226
       Constrict         |    20 |    34 ||    54
       Kick              |     3 |    25 ||    28
       Tentacles         |    13 |    18 ||    31
       Punch             |     3 |     2 ||     5
 Cast: Beastly Appendage |     1 |     2 ||     3
       Sticks to Snakes  |       |     9 ||     9
Evoke: Wand              |       |     4 ||     4
  Use: Potion            |       |     5 ||     5
       Scroll            |       |     4 ||     4
 Stab: Sleeping          |     6 |     9 ||    15
  Eat: Chunk             |     3 |     9 ||    12
Armor: Skin              |     9 |    16 ||    25
Dodge: Dodged            |    58 |    98 ||   156
